 Dungeon Sprint DCSS version 0.29-a0-284-gf9362112df (webtiles) character file.

Game seed: 14960915547068652800

370054 mhtbhm the Axe Maniac (level 18, -1/220 HPs)
             Began as a Minotaur Berserker on Mar 17, 2022.
             Was the Champion of Trog.
             Slain by Antaeus (16 damage)
             ... in the Dungeon (Sprint III: "The Ten Rune Challenge") on Mar 18, 2022.
             The game lasted 00:39:14 (17171 turns).

mhtbhm the Axe Maniac (Minotaur Berserker)         Turns: 17171, Time: 00:39:15

Health: -1/220     AC: 33    Str: 33    XL:     18   Next: 55%
Magic:  2/17       EV: 40    Int:  4    God:    Trog [******]
Gold:   2294       SH:  5    Dex: 24    Spells: 17/17 levels left

rFire   . . .      SeeInvis .   a - +10 executioner's axe of Cuem {vorpal, rC+ Str+5 Dex+3}
rCold   + . .      Faith    .   (shield currently unavailable)
rNeg    + + .      Spirit   .   b - +6 acid dragon scales of Valour {*Slow rCorr Dex+6}
rPois   .          Reflect  +   r - +0 hat {Will+}
rElec   +          Harm     .   y - +4 dragonskin cloak
rCorr   +          Rampage  .   W - +3 Mad Mage's Maulers {Infuse+∞ RegenMP Int-3}
Will    +++++      Rage     1%  t - +0 pair of boots {Fly}
Stlth   +++++++... NoTele   +   Q - amulet "Viuj" {Reflect Str+2 Int+3 Dex+3 SH+5}
HPRegen 1.46/turn               O - ring "Losuna" {rElec rN++ Will+ EV+4 Dex-4}
MPRegen 0.55/turn               N - ring "Atemonk" {rCorr Slay+2}

@: strong-willed, on berserk cooldown, flying, regenerating, hasted and slowed,
studying Polearms
A: horns 2, retaliatory headbutt, agile 2, berserk 1, robust 1, weak 1
}: 8/10 runes: decaying, barnacled, slimy, silver, golden, iron, bone, demonic
a: Renounce Religion, Berserk, Trog's Hand, Brothers in Arms


You were in the Dungeon.
You worshipped Trog.
Trog was exalted by your worship.
You visited 1 branch You collected 4385 gold pieces.
You spent 2091 gold pieces at shops.

Inventory:

Hand Weapons
 a - the +10 executioner's axe of Cuem (weapon) {vorpal, rC+ Str+5 Dex+3}
   (Trog gifted it to you in the Dungeon)

   It inflicts extra damage upon your enemies.
   Str:       It affects your strength (+5).
   Dex:       It affects your dexterity (+3).
   rC:        It protects you from cold.
 w - the +8 battleaxe "Ymefek" {flame, *Noise rN+++ Dex+7}
   (Trog gifted it to you in the Dungeon)

   It burns those it strikes, dealing additional fire damage.
   Big, fiery blades are also staple armaments of hydra-hunters.
   Dex:       It affects your dexterity (+7).
   rN:        It renders you almost immune to negative energy.
   *Noise:    It may make noises in combat.
 V - a +8 vorpal broad axe
Missiles
 h - 4 curare-tipped darts (quivered)
 o - 7 javelins
 J - 5 datura-tipped darts
 K - 5 atropa-tipped darts
 L - 16 silver javelins
Armour
 b - the +6 acid dragon scales of Valour (worn) {*Slow rCorr Dex+6}
   (You bought it in a shop in the Dungeon)

   Dex:       It affects your dexterity (+6).
   rCorr:     It protects you from acid and corrosion.
   *Slow:     It may slow you when you take damage.
 d - the +2 shield of Resistance {rF++ rC++ Will++}
   (You acquired it in the Dungeon)

   rF:        It greatly protects you from fire.
   rC:        It greatly protects you from cold.
   Will:      It greatly increases your willpower.
 r - a +0 hat of willpower (worn)
 t - a +0 pair of boots of flying (worn)
 y - the +4 dragonskin cloak (worn)
   (You took it off Tiamat in the Dungeon)

   It grants the wearer a chance to resist fire, cold, poison, electricity,
   acid, and negative energy.
 C - a +0 tower shield of reflection
 W - the +3 Mad Mage's Maulers (worn) {Infuse+∞ RegenMP Int-3}
   (You found it in the Dungeon)

   It empowers its wearer's blows with all of their magic.
   It causes its wearer's magical reserves to regenerate more quickly.
   Int:       It affects your intelligence (-3).
Jewellery
 N - the ring "Atemonk" (right hand) {rCorr Slay+2}
   (You found it in the Dungeon)

   [ring of resist corrosion]

   Slay:      It affects your accuracy & damage with ranged weapons and melee
   (+2).
   rCorr:     It protects you from acid and corrosion.
 O - the ring "Losuna" (left hand) {rElec rN++ Will+ EV+4 Dex-4}
   (You found it in the Dungeon)

   [ring of evasion]

   EV:        It affects your evasion (+4).
   Dex:       It affects your dexterity (-4).
   rElec:     It insulates you from electricity.
   rN:        It greatly protects you from negative energy.
   Will:      It increases your willpower.
 Q - the amulet "Viuj" (around neck) {Reflect Str+2 Int+3 Dex+3 SH+5}
   (You took it off a deep elf demonologist in the Dungeon)

   [amulet of reflection]

   It reflects blocked missile attacks.
   Str:       It affects your strength (+2).
   Int:       It affects your intelligence (+3).
   Dex:       It affects your dexterity (+3).
   SH:        It affects your SH (+5).
Wands
 x - a wand of acid (8)
 F - a wand of flame (18)
 M - a wand of mindburst (5)
 U - a wand of digging (10)
 Z - a wand of iceblast (9)
Scrolls
 j - 2 scrolls of immolation
 m - 5 scrolls of torment
 z - 3 scrolls of acquirement
 D - 5 scrolls of enchant armour
 G - a scroll of blinking
 H - 2 scrolls of silence
 R - 10 scrolls of identify
 Y - a scroll of brand weapon
Potions
 c - 7 potions of curing
 e - a potion of haste
 f - 3 potions of magic
 g - 2 potions of attraction
 i - a potion of mutation
 k - 3 potions of might
 l - 5 potions of flight
 q - 2 potions of degeneration
 s - a potion of berserk rage
 S - 6 potions of heal wounds
Miscellaneous
 n - a box of beasts
 B - a condenser vane
 E - a phantom mirror
 I - a tin of tremorstones (2/2)
 P - a lightning rod (4/4)
 T - the horn of Geryon


   Skills:
 O Level 27 Fighting
 O Level 27 Axes
 * Level 21.8 Throwing
 O Level 27 Armour
 O Level 27 Dodging
 + Level 19.2 Stealth
 O Level 27 Shields
 O Level 27 Evocations


You had 17 spell levels left.
You didn't know any spells.
Your spell library was empty.

Dungeon Overview and Level Annotations

Branches:
Dungeon (1/1)

Altars:
Cheibriados
Dithmenos
Elyvilon
Fedhas
Gozag
Hepliaklqana
Kikubaaqudgha
Makhleb
Nemelex Xobeh
Okawaru
Qazlal
Ru
Sif Muna
Trog
Uskayaw
Vehumet
Wu Jian
Xom
Yredelemnul
Zin
The Shining One
Beogh
Jiyva
Lugonu

Shops:
D !=(*[[!:!![!(?:![[!?([=

Annotations:
D Antaeus


Innate Abilities, Weirdness & Mutations

You have a pair of horns on your head.
You reflexively headbutt those who attack you in melee.
You are very agile. (Dex +4)
You tend to lose your temper in combat.
You are robust. (+10% HP)
You are weak. (Str -2)


Message History

You resist.
* * * LOW HITPOINT WARNING * * *
Unknown command.
Throw: 5 darts (curare)
Press: ? - help, Q - select action, (/) - cycle Shift-Dir - straight line, f/p - Antaeus
Aim: Antaeus, wearing a +1 tower shield of reflection (severely wounded, poisoned, 93% to hit)
You throw a curare-tipped dart. The curare-tipped dart hits Antaeus.
Antaeus looks even sicker.
Antaeus convulses.
Antaeus seems to slow down.
Antaeus is severely wounded.
Unknown command.
You feel much better. Antaeus hits you!!!
* * * LOW HITPOINT WARNING * * *
Antaeus freezes you! You resist.
* * * LOW HITPOINT WARNING * * *
Antaeus misses you.
Unknown command.
You slice Antaeus!!
Antaeus is severely wounded.
You slice Antaeus!!
Antaeus is severely wounded.
Antaeus is no longer moving slowly.
Antaeus misses you. You furiously retaliate!
You headbutt Antaeus, but do no damage. Antaeus hits you but does no damage.
Unknown command.
Unknown command.
You feel much better. Antaeus completely misses you.
Antaeus hits you but does no damage.
You feel much better. Antaeus closely misses you. You furiously retaliate!
You headbutt Antaeus, but do no damage. Antaeus hits you but does no damage.
Antaeus blocks your attack.
You headbutt Antaeus, but do no damage.
Antaeus is severely wounded.
Antaeus hits you!!!
* * * LOW HITPOINT WARNING * * *
Antaeus freezes you!! You resist.
* * * LOW HITPOINT WARNING * * *
Antaeus hits you!
* * * LOW HITPOINT WARNING * * *
Antaeus freezes you! You resist.
You die...

..........)..)...........#...# ##
####'#############'##############
.#§)§.#..§# ###≈≈≈≈≈≈≈≈≈##......#
)'§.§.)...# #))≈#'#≈≈#+###......#
.#§§§.#...#####≈#(#≈≈#,* #....))#
########'###≈≈≈≈###≈≈##**#....).'
§§§.§.§.)# #≈≈≈≈≈≈≈≈≈≈≈≈*#....).#
############≈≈≈≈###≈≈≈≈≈*#.###..#
)#§§§§.§.§###+#≈@C#≈≈###*#,#^#..'
§)§§§..§.§# *,#≈###≈≈+,* *,###..#
.#)§§.§...# **#≈≈≈≈≈≈*** #......#
########### ####**** ######## ▓


You could see Antaeus (very poisoned).

Vanquished Creatures
  the Royal Jelly (D)
  Gloorx Vloq (D)
  Tiamat (D)
  An ancient lich (D)
  Mara (D)
  Mennas (D)
  Dispater (D)
  10 royal mummies (D)
  Boris (D)
  the Lernaean hydra (D)
  A Killer Klown (D)
  Frederick (D)
  Geryon (D)
  Nikola (D)
  A golden dragon (D)
  Nellie (D)
  3 bone dragons (D)
  An iron giant (D)
  3 Hell Sentinels (D)
  2 Orb Guardians (D)
  2 Ice Fiends (D)
  A lich (D)
  3 quicksilver dragons (D)
  2 titans (D)
  3 deep elf blademasters (D)
  4 acid blobs (D)
  A deep elf master archer (D)
  Gastronok (D)
  Murray (D)
  An Executioner (D)
  2 sphinxes (D)
  Harold (D)
  Chuck (D)
  An ancient champion (D)
  Polyphemus (D)
  Roxanne (D)
  12 azure jellies (D)
  2 shadow dragons (D)
  2 storm dragons (D)
  4 rockslimes (D)
  Ilsuiw (D)
  2 frost giants (D)
  A fire giant (D)
  A draconian knight (D)
  2 draconian scorchers (D)
  An iron dragon (D)
  A draconian shifter (D)
  3 ghost moths (D)
  3 draconian stormcallers (D)
  4 war gargoyles (D)
  2 quicksilver oozes (D)
  3 stone giants (D)
  2 vampire knights (D)
  Nessos (D)
  A yellow draconian (D)
  Azrael (D)
  3 deep elf demonologists (D)
  2 dire elephants (D)
  A deep elf death mage (D)
  An iron golem (D)
  A fire dragon (D)
  8 mummy priests (D)
  A merfolk javelineer (D)
  A deep elf high priest (D)
  4 yaktaur captains (D)
  3 hydras (D)
  17 vault guards (D)
  2 hell beasts (D)
  An ogre mage (D)
  3 centaur warriors (D)
  Erica (D)
  An anaconda (shapeshifter) (D)
  4 dancing weapons (D)
  2 iron elementals (D)
  4 death yaks (D)
  A deep elf knight (D)
  A titan zombie (D)
  Urug (D)
  2 sun demons (D)
  2 soul eaters (D)
  8 skeletal warriors (D)
  A spriggan druid (D)
  2 golden dragon zombies (D)
  2 kraken simulacra (D)
  A death drake (D)
  A sea snake (shapeshifter) (D)
  A glowing orange brain (D)
  A sea snake (D)
  5 swamp dragons (D)
  2 obsidian statues (D)
  A deep troll (shapeshifter) (D)
  2 spectral iron dragons (D)
  A lindwurm (D)
  Joseph (D)
  An orange crystal statue (D)
  2 deep elf zephyrmancers (D)
  3 orc knights (D)
  5 deep elf pyromancers (D)
  4 crystal guardians (D)
  3 ugly things (D)
  2 oklob plants (D)
  3 shining eyes (D)
  2 black mambas (D)
  An iron troll simulacrum (D)
  2 elephants (D)
  A moth of wrath (D)
  3 rust devils (D)
  A molten gargoyle (D)
  7 statues (D)
  A torpor snail (shapeshifter) (D)
  13 yaktaurs (D)
  An unseen horror (D)
  2 cane toads (D)
  A rime drake (D)
  A komodo dragon (shapeshifter) (D)
  A komodo dragon (D)
  A queen bee (D)
  25 guardian mummies (D)
  2 ice devils (D)
  3 wandering mushrooms (D)
  4 spriggan defenders (D)
  3 orc high priests (D)
  2 tyrant leeches (D)
  8 blink frogs (D)
  3 dream sheep (D)
  3 hornets (D)
  12 slime creatures (D)
  2 spriggans (D)
  14 shadows (D)
  A golden eye (D)
  3 redbacks (D)
  A spatial vortex (D)
  3 hydra simulacra (D)
  4 floating eyes (D)
  3 swamp drakes (D)
  2 orc warriors (D)
  2 fire dragon simulacra (D)
  2 centaurs (D)
  An earth elemental (D)
  A water elemental (D)
  A necrophage (D)
  32 killer bees (D)
  4 electric eels (D)
  11 quasits (D)
  4 orc priests (D)
  A jelly (D)
  Jessica (D)
  A wizard (D)
  2 orc wizards (D)
  A necromancer (D)
  A polar bear simulacrum (D)
  A kobold demonologist (D)
  3 humans (D)
  A wolf (D)
  7 orcs (D)
  A bat zombie (D)
  2 endoplasms (D)
  2 ball python zombies (D)
  3 bat simulacra (D)
  2 quokka simulacra (D)
  A rat (D)
  2 ball lightnings (D)
  6 butterflies (D)
  7 plants (D)
467 creatures vanquished.

Vanquished Creatures (collateral kills)
  A royal mummy (D)
  Rupert (D)
  A Hell Sentinel (D)
  2 azure jellies (D)
  3 guardian mummies (D)
  A shadow (D)
  An electric eel (D)
  3 orcs (D)
13 creatures vanquished.

Vanquished Creatures (others)
  A shadow wraith (D)
  A statue (D)
  2 ball lightnings (D)
  4 ballistomycete spores (D)
  A bush (D)
  42 plants (D)
  3 tentacles (D)
54 creatures vanquished.

Grand Total: 534 creatures vanquished

Notes
Turn   | Place    | Note
-------+----------+-------------------------------------------
     0 | D        | mhtbhm the Minotaur Berserker began the quest for the Orb.
     0 | D        | Reached XP level 1. HP: 19/19 MP: 0/0
    87 | D        | Noticed Jessica
    88 | D        | Reached ** piety under Trog
    91 | D        | Killed Jessica
    92 | D        | Reached skill level 5 in Fighting
    92 | D        | Reached skill level 5 in Axes
    92 | D        | Reached XP level 2. HP: 30/30 MP: 1/1
    92 | D        | Reached XP level 3. HP: 37/37 MP: 2/2
   331 | D        | Gained mutation: You are weak. (Str -2) [potion of
                  | mutation]
   331 | D        | Gained mutation: Your spells are a little easier to cast,
                  | but a little less powerful. [potion of mutation]
   334 | D        | Lost mutation: You are weak. (Str -2) [potion of mutation]
   334 | D        | Lost mutation: Your spells are a little easier to cast, but
                  | a little less powerful. [potion of mutation]
   334 | D        | Gained mutation: Your skin changes colour to match your
                  | surroundings (Stealth+). [potion of mutation]
   334 | D        | Gained mutation: Your flesh is heat resistant. (rF+)
                  | [potion of mutation]
   401 | D        | Noticed a water elemental
   407 | D        | Killed a water elemental
   407 | D        | Reached *** piety under Trog
   408 | D        | Reached XP level 4. HP: 35/48 MP: 3/3
   557 | D        | Found a radiant altar of Vehumet.
   557 | D        | Found a shimmering blue altar of Sif Muna.
   557 | D        | Found an ancient bone altar of Kikubaaqudgha.
   557 | D        | Noticed a wizard
   560 | D        | Noticed a ynoxinul
   565 | D        | Reached XP level 5. HP: 56/56 MP: 4/4
   737 | D        | Found a basalt altar of Yredelemnul.
   737 | D        | Found a shadowy altar of Dithmenos.
   737 | D        | Found a sacrificial altar of Ru.
   739 | D        | Reached **** piety under Trog
   740 | D        | Reached skill level 1 in Stealth
   749 | D        | Reached skill level 5 in Dodging
   918 | D        | Found a glowing silver altar of Zin.
   918 | D        | Found a glowing golden altar of the Shining One.
   918 | D        | Found a white marble altar of Elyvilon.
   919 | D        | Noticed a deep elf pyromancer
   926 | D        | Killed a deep elf pyromancer
   927 | D        | Reached skill level 5 in Armour
   927 | D        | Reached XP level 6. HP: 70/70 MP: 5/5
   927 | D        | Reached XP level 7. HP: 77/77 MP: 6/6
   970 | D        | Found a hide-covered altar of Uskayaw.
   970 | D        | Found an iron altar of Okawaru.
   970 | D        | Found a bloodstained altar of Trog.
   970 | D        | Found an ornate altar of the Wu Jian Council.
   970 | D        | Noticed a human
   971 | D        | Noticed a human
   979 | D        | Killed a human
   980 | D        | Killed a human
   980 | D        | Reached ***** piety under Trog
  1033 | D        | Noticed a shadow
  1035 | D        | Killed a shadow
  1036 | D        | Reached XP level 8. HP: 86/86 MP: 7/7
  1042 | D        | Found a blossoming altar of Fedhas.
  1042 | D        | Found a stormy altar of Qazlal.
  1042 | D        | Found a snail-covered altar of Cheibriados.
  1042 | D        | Found a burning altar of Makhleb.
  1042 | D        | Found a shimmering altar of Xom.
  1043 | D        | Found a hazy altar of Hepliaklqana.
  1043 | D        | Found an opulent altar of Gozag.
  1043 | D        | Found a sparkling altar of Nemelex Xobeh.
  1043 | D        | Found a corrupted altar of Lugonu.
  1043 | D        | Found a viscous altar of Jiyva.
  1394 | D        | Noticed Erica
  1401 | D        | Killed Erica
  1401 | D        | Received a gift from Trog
  1402 | D        | Reached skill level 5 in Stealth
  1772 | D        | Noticed a centaur warrior
  1775 | D        | Reached XP level 9. HP: 95/95 MP: 8/8
  1776 | D        | Killed a centaur warrior
  1777 | D        | Reached skill level 15 in Axes
  1791 | D        | Killed an unseen horror
  1906 | D        | Noticed a wandering mushroom
  1910 | D        | Noticed a wandering mushroom
  1912 | D        | Noticed a wandering mushroom
  1913 | D        | Killed a wandering mushroom
  1990 | D        | Reached skill level 15 in Fighting
  2123 | D        | Noticed a cane toad
  2123 | D        | Noticed a komodo dragon
  2123 | D        | Noticed a cane toad
  2126 | D        | Killed a cane toad
  2126 | D        | Received a gift from Trog
  2129 | D        | Killed a cane toad
  2130 | D        | Reached XP level 10. HP: 64/105 MP: 9/9
  2132 | D        | Reached skill level 10 in Dodging
  2346 | D        | Noticed a lindwurm
  2350 | D        | Killed a lindwurm
  2357 | D        | Received a gift from Trog
  2357 | D        | Reached ****** piety under Trog
  2358 | D        | Noticed Urug
  2365 | D        | Killed Urug
  2366 | D        | Reached skill level 10 in Stealth
  2611 | D        | Noticed a four-headed hydra
  2611 | D        | Noticed a five-headed hydra
  2621 | D        | Killed a one-headed hydra
  2628 | D        | Killed a three-headed hydra
  2849 | D        | Noticed a death drake
  2854 | D        | Killed a death drake
  2855 | D        | Reached XP level 11. HP: 115/115 MP: 10/10
  3235 | D        | Noticed Polyphemus
  3285 | D        | Received a gift from Trog
  3291 | D        | Reached skill level 1 in Evocations
  3806 | D        | Noticed a dire elephant
  3806 | D        | Noticed a dire elephant
  3806 | D        | Noticed Gastronok
  3813 | D        | Killed a dire elephant
  3817 | D        | Killed a dire elephant
  3817 | D        | Received a gift from Trog
  3818 | D        | Reached skill level 1 in Throwing
  3826 | D        | Killed Gastronok
  3939 | D        | Noticed an azure jelly
  3939 | D        | Noticed an azure jelly
  3939 | D        | Noticed an azure jelly
  3940 | D        | Noticed an azure jelly
  3942 | D        | Noticed Rupert
  3950 | D        | Killed Rupert
  3959 | D        | Killed an azure jelly
  3962 | D        | Killed an azure jelly
  3963 | D        | Reached XP level 12. HP: 64/130 MP: 11/11
  3970 | D        | Killed an azure jelly
  3972 | D        | Killed an azure jelly
  4251 | D        | Noticed a death yak
  4252 | D        | Noticed a death yak
  4256 | D        | Noticed a death yak
  4260 | D        | Killed a death yak
  4260 | D        | Received a gift from Trog
  4261 | D        | Noticed a death yak
  4263 | D        | Killed a death yak
  4268 | D        | Killed a death yak
  4272 | D        | Killed a death yak
  4274 | D        | Received a gift from Trog
  4437 | D        | Found Piumonne's Assorted Antiques.
  4447 | D        | Received a gift from Trog
  4452 | D        | Received a gift from Trog
  4645 | D        | Received a gift from Trog
  4760 | D        | Received a gift from Trog
  4766 | D        | Received a gift from Trog
  4777 | D        | Identified the +10 executioner's axe of Cuem {vorpal, rC+
                  | Str+5 Dex+3} (Trog gifted it to you in the Dungeon)
  4777 | D        | Received a gift from Trog
  4782 | D        | Received a gift from Trog
  4982 | D        | Noticed Harold
  4982 | D        | Noticed Joseph
  4987 | D        | Killed Harold
  4991 | D        | Killed Joseph
  4992 | D        | Reached XP level 13. HP: 93/145 MP: 12/12
  5250 | D        | Received a gift from Trog
  5385 | D        | Found Vecaat's Distillery.
  5385 | D        | Found Keludi Hethi's Jewellery Shoppe.
  5385 | D        | Found Waimug's Antique Armour Boutique.
  5385 | D        | Found Fidoosalesm's Antique Armour Emporium.
  5385 | D        | Found Femummyu's Antique Armour Shop.
  5385 | D        | Found Hutucrup's Antique Weapon Emporium.
  5385 | D        | Found Peod's Magic Scroll Boutique.
  5386 | D        | Found Giol's Distillery.
  5386 | D        | Found Loaghupn's Book Shoppe.
  5386 | D        | Found Careimot's Magic Scroll Shop.
  5386 | D        | Found Axadov's Antique Weapon Emporium.
  5418 | D        | Bought a pair of glowing boots for 240 gold pieces
  5425 | D        | Bought a shiny chain mail for 142 gold pieces
  5435 | D        | Bought a pair of embroidered gloves for 142 gold pieces
  5435 | D        | Bought a glowing cloak for 142 gold pieces
  5600 | D        | Received a gift from Trog
  5690 | D        | Noticed Boris
  5703 | D        | Killed Boris
  5704 | D        | Reached skill level 15 in Dodging
  5711 | D        | Identified the +8 battleaxe "Ymefek" {flame, *Noise rN+++
                  | Dex+7} (Trog gifted it to you in the Dungeon)
  5711 | D        | Received a gift from Trog
  5845 | D        | Found Ferik's Distillery.
  5845 | D        | Found Hivudwor's Armour Shop.
  5845 | D        | Found Jeliwi's Distillery.
  5845 | D        | Found Emoadoal's Distillery.
  6049 | D        | Noticed a mummy priest
  6060 | D        | Killed a mummy priest
  6060 | D        | Received a gift from Trog
  6489 | D        | Noticed a fire dragon
  6493 | D        | Killed a fire dragon
  6594 | D        | Received a gift from Trog
  6747 | D        | Reached skill level 10 in Armour
  6752 | D        | Identified the +9 battleaxe of Success {flame, rC- Dex+4
                  | SInv} (Trog gifted it to you in the Dungeon)
  6752 | D        | Received a gift from Trog
  6760 | D        | Reached XP level 14. HP: 109/162 MP: 13/13
  6902 | D        | Noticed Chuck
  6912 | D        | Killed Chuck
  6913 | D        | Reached skill level 27 in Axes
  6992 | D        | Noticed Frederick
  7004 | D        | Killed Frederick
  7166 | D        | Noticed a bone dragon
  7179 | D        | Killed a bone dragon
  7482 | D        | Received a gift from Trog
  7547 | D        | Received a gift from Trog
  7559 | D        | Noticed a bone dragon
  7561 | D        | Killed a bone dragon
  7597 | D        | Noticed a bone dragon
  7602 | D        | Killed a bone dragon
  7603 | D        | Reached skill level 27 in Fighting
  7725 | D        | Received a gift from Trog
  7740 | D        | Noticed a sphinx
  7740 | D        | Noticed a sphinx
  7742 | D        | Reached skill level 15 in Armour
  7748 | D        | Killed a sphinx
  7752 | D        | Killed a sphinx
  8122 | D        | Noticed Azrael
  8125 | D        | Killed Azrael
  8156 | D        | Acquired 899 gold pieces
  8247 | D        | Received a gift from Trog
  8253 | D        | Identified the +4 mace of Gaennin {flame, rElec Str+6}
  8393 | D        | Found a blossoming altar of Fedhas.
  8405 | D        | Killed a ghost moth
  8434 | D        | Killed a ghost moth
  8608 | D        | Received a gift from Trog
  8627 | D        | Killed Polyphemus
  8632 | D        | Noticed Ilsuiw
  8647 | D        | Killed Ilsuiw
  8689 | D        | Got a barnacled rune of Zot
  8693 | D        | Found Nusefot Wyl's Book Shoppe.
  8693 | D        | Found Voluff's Distillery.
  8693 | D        | Found Mass's Antique Armour Emporium.
  8728 | D        | Bought ichor-stained acid dragon scales for 1035 gold
                  | pieces
  8728 | D        | Identified the +6 acid dragon scales of Valour {*Slow rCorr
                  | Dex+6} (You bought it in a shop in the Dungeon)
  8821 | D        | Found Pokogg's Distillery.
  8821 | D        | Found Cippubo's Jewellery Boutique.
  8821 | D        | Found Dubrul's Antique Weapon Emporium.
  8836 | D        | Bought an amulet of reflection for 390 gold pieces
  8844 | D        | Noticed the 27-headed Lernaean hydra
  8851 | D        | Killed the 26-headed Lernaean hydra
  8855 | D        | Reached skill level 1 in Shields
  8855 | D        | Reached XP level 15. HP: 174/174 MP: 14/14
  8857 | D        | Received a gift from Trog
  8868 | D        | Got a decaying rune of Zot
  9117 | D        | Noticed a deep elf master archer
  9118 | D        | Identified the ring of Modesty {rF- rCorr Dex+6}
  9118 | D        | Identified the +6 falchion "Aresk" {drain, *Rage Will+ MP+9
                  | Int+5}
  9118 | D        | Identified the amulet "Viuj" {Reflect Str+2 Int+3 Dex+3
                  | SH+5}
  9220 | D        | Noticed an Executioner
  9221 | D        | Killed a deep elf master archer
  9304 | D        | Identified the +5 hand crossbow "Vuclerisk" {elec, Str+5}
  9306 | D        | Identified the ring "Atemonk" {rCorr Slay+2}
  9306 | D        | Identified the ring "Losuna" {rElec rN++ Will+ EV+4 Dex-4}
  9653 | D        | Noticed a Hell Sentinel
  9671 | D        | Received a gift from Trog
  9671 | D        | Killed a Hell Sentinel
 10270 | D        | Received a gift from Trog
 10328 | D        | Noticed a royal mummy
 10328 | D        | Noticed a royal mummy
 10330 | D        | Noticed an emperor scorpion
 10333 | D        | Received a gift from Trog
 10335 | D        | Reached skill level 5 in Evocations
 10342 | D        | Killed a royal mummy
 10342 | D        | Received a gift from Trog
 10343 | D        | Reached skill level 5 in Shields
 10346 | D        | Killed a royal mummy
 10389 | D        | Got a golden rune of Zot
 10539 | D        | Noticed a lich
 10543 | D        | Killed a lich
 10543 | D        | Received a gift from Trog
 10612 | D        | Noticed a shadow dragon
 10612 | D        | Noticed a shadow dragon
 10622 | D        | Reached skill level 27 in Armour
 10623 | D        | Killed a shadow dragon
 10629 | D        | Killed a shadow dragon
 10629 | D        | Received a gift from Trog
 10715 | D        | Reached skill level 5 in Throwing
 10724 | D        | Noticed a quicksilver dragon
 10724 | D        | Noticed a frost giant
 10724 | D        | Noticed a golden dragon
 10724 | D        | Noticed a quicksilver dragon
 10724 | D        | Noticed a quicksilver dragon
 10724 | D        | Noticed a titan
 10725 | D        | Noticed a titan
 10728 | D        | Received a gift from Trog
 10730 | D        | Killed a quicksilver dragon
 10730 | D        | Killed a quicksilver dragon
 10730 | D        | Killed a quicksilver dragon
 10730 | D        | Received a gift from Trog
 10731 | D        | Reached skill level 10 in Shields
 10731 | D        | Reached XP level 16. HP: 152/183 MP: 15/15
 10731 | D        | Killed a titan
 10731 | D        | Received a gift from Trog
 10732 | D        | Reached skill level 10 in Evocations
 10733 | D        | Received a gift from Trog
 10734 | D        | Killed a golden dragon
 10756 | D        | Killed a titan
 10763 | D        | Found the +8 longbow "Zephyr" {speed, Dex+3 SInv}
 10780 | D        | Identified the +8 battleaxe "Cah Cypugg" {drain, rElec rC+
                  | rN+ rCorr Str-3}
 10800 | D        | Identified the amulet "Zomaoppo" {Spirit Harm rCorr Str-2}
 10806 | D        | Got a silver rune of Zot
 10953 | D        | Noticed Nellie
 10960 | D        | Killed Nellie
 10964 | D        | Got a demonic rune of Zot
 10996 | D        | Acquired the +2 shield of Resistance {rF++ rC++ Will++}
 10996 | D        | Found the +2 shield of Resistance {rF++ rC++ Will++}
 11014 | D        | Acquired 404 gold pieces
 11084 | D        | Noticed Mara
 11088 | D        | Noticed mhtbhm's illusion
 11101 | D        | Killed Mara
 11101 | D        | Received a gift from Trog
 11226 | D        | Noticed an ancient champion
 11227 | D        | Killed an ancient champion
 11227 | D        | Received a gift from Trog
 11521 | D        | Identified the +0 pair of gloves "Jiurch" {Will++}
 11521 | D        | Noticed Nikola
 11521 | D        | Noticed a storm dragon
 11529 | D        | Killed Nikola
 11530 | D        | Reached skill level 27 in Dodging
 11530 | D        | Reached skill level 15 in Shields
 11530 | D        | Killed a storm dragon
 11539 | D        | Received a gift from Trog
 11653 | D        | Found Zaickah's Armour Boutique.
 11671 | D        | Identified Roxanne's Reference Book on the Mountains
 11671 | D        | Noticed Roxanne
 11678 | D        | Killed Roxanne
 11724 | D        | Identified the +5 battleaxe of the Open Hand {vorpal, rElec
                  | rPois rF- Dex+5} (Trog gifted it to you in the Dungeon)
 11724 | D        | Received a gift from Trog
 11754 | D        | Reached skill level 15 in Evocations
 11757 | D        | Received a gift from Trog
 11858 | D        | Noticed an Executioner
 11862 | D        | Killed an Executioner
 11876 | D        | Acquired 748 gold pieces
 11882 | D        | Noticed Nessos
 11893 | D        | Killed Nessos
 11893 | D        | Identified the +3 hand axe of Trial by Ordeal {flame,
                  | Contam rPois rN+++ Str-3} (Trog gifted it to you in the
                  | Dungeon)
 11893 | D        | Received a gift from Trog
 11950 | D        | Noticed a deep elf blademaster
 11951 | D        | Noticed a deep elf blademaster
 11951 | D        | Noticed a deep elf blademaster
 11960 | D        | Killed a deep elf blademaster
 11960 | D        | Received a gift from Trog
 11967 | D        | Killed a deep elf blademaster
 11968 | D        | Killed a deep elf blademaster
 11995 | D        | Noticed a Killer Klown
 12007 | D        | Killed a Killer Klown
 12043 | D        | Noticed an Orb Guardian
 12043 | D        | Noticed an Orb Guardian
 12049 | D        | Killed an Orb Guardian
 12052 | D        | Received a gift from Trog
 12055 | D        | Killed an Orb Guardian
 12061 | D        | Reached XP level 17. HP: 191/191 MP: 16/16
 12133 | D        | Noticed an ancient lich
 12142 | D        | Killed an ancient lich
 12157 | D        | Received a gift from Trog
 12232 | D        | Found the +4 dragonskin cloak
 12232 | D        | Noticed Tiamat
 12261 | D        | Killed Tiamat
 12261 | D        | Received a gift from Trog
 12262 | D        | Reached skill level 10 in Throwing
 12556 | D        | Noticed Mennas
 12574 | D        | Killed Mennas
 13139 | D        | Received a gift from Trog
 13285 | D        | Paralysed by a floating eye for 4 turns
 13593 | D        | Gained mutation: You are weak. (Str -2) [a shining eye]
 13605 | D        | Lost mutation: Your flesh is heat resistant. (rF+) [potion
                  | of mutation]
 13605 | D        | Lost mutation: You are weak. (Str -2) [potion of mutation]
 13605 | D        | Lost mutation: Your skin changes colour to match your
                  | surroundings (Stealth+). [potion of mutation]
 13605 | D        | Gained mutation: You are weak. (Str -2) [potion of
                  | mutation]
 13605 | D        | Gained mutation: You are robust. (+10% HP) [potion of
                  | mutation]
 13605 | D        | Gained mutation: You expend magic power (3 MP) to
                  | strengthen your wands. [potion of mutation]
 13605 | D        | Gained mutation: You have hidden genetic potential. [potion
                  | of mutation]
 13756 | D        | Noticed the Royal Jelly
 13760 | D        | Noticed an acid blob
 13761 | D        | Noticed an acid blob
 13762 | D        | Killed the Royal Jelly
 13762 | D        | Killed an acid blob
 13762 | D        | Noticed an acid blob
 13765 | D        | Killed an acid blob
 13770 | D        | Noticed an acid blob
 13771 | D        | Killed an acid blob
 13772 | D        | Killed an acid blob
 13878 | D        | Reached skill level 27 in Shields
 13946 | D        | Gained mutation: Armour fits poorly on your strangely
                  | shaped body. [a shining eye]
 13947 | D        | Received a gift from Trog
 13949 | D        | Lost mutation: Armour fits poorly on your strangely shaped
                  | body. [potion of mutation]
 13949 | D        | Lost mutation: You expend magic power (3 MP) to strengthen
                  | your wands. [potion of mutation]
 13949 | D        | Lost mutation: You have hidden genetic potential. [potion
                  | of mutation]
 13949 | D        | Gained mutation: You tend to lose your temper in combat.
                  | [potion of mutation]
 13949 | D        | Gained mutation: You are agile. (Dex +2) [potion of
                  | mutation]
 13949 | D        | Gained mutation: You are very agile. (Dex +4) [potion of
                  | mutation]
 14129 | D        | Got a slimy rune of Zot
 14541 | D        | Noticed Geryon
 14546 | D        | Received a gift from Trog
 14556 | D        | Killed Geryon
 14694 | D        | Noticed an iron giant
 14699 | D        | Received a gift from Trog
 14708 | D        | Killed an iron giant
 14918 | D        | Received a gift from Trog
 14943 | D        | Found the +3 Mad Mage's Maulers {Infuse+∞ RegenMP Int-3}
 14944 | D        | Noticed a Hell Sentinel
 14948 | D        | Killed a Hell Sentinel
 14955 | D        | Identified the +0 tower shield of the Bulwark {rC+ Int+4}
 15020 | D        | Found the +0 pair of fencer's gloves {Riposte Dex+3}
 15020 | D        | Noticed a Hell Sentinel
 15020 | D        | Found the +4 staff of Dispater
 15020 | D        | Noticed Dispater
 15020 | D        | Noticed a Hell Sentinel
 15026 | D        | Killed a Hell Sentinel
 15032 | D        | Killed a Hell Sentinel
 15041 | D        | Noticed a Hell Sentinel
 15051 | D        | Killed Dispater
 15056 | D        | Got an iron rune of Zot
 15058 | D        | Identified the ring "Udwuvol" {rC+ Str+4}
 15425 | D        | Noticed a royal mummy
 15425 | D        | Noticed a royal mummy
 15426 | D        | Noticed a royal mummy
 15427 | D        | Killed a royal mummy
 15430 | D        | Received a gift from Trog
 15434 | D        | Killed a royal mummy
 15435 | D        | Reached skill level 27 in Evocations
 15435 | D        | Reached XP level 18. HP: 209/220 MP: 0/17
 15437 | D        | Killed a royal mummy
 15438 | D        | Reached skill level 15 in Throwing
 15646 | D        | Received a gift from Trog
 15685 | D        | Noticed Gloorx Vloq
 15701 | D        | Killed Gloorx Vloq
 15705 | D        | Received a gift from Trog
 15992 | D        | Noticed a royal mummy
 15993 | D        | Noticed a royal mummy
 15994 | D        | Killed a royal mummy
 16001 | D        | Killed a royal mummy
 16010 | D        | Noticed a royal mummy
 16017 | D        | Killed a royal mummy
 16017 | D        | Received a gift from Trog
 16364 | D        | Noticed a royal mummy
 16366 | D        | Killed a royal mummy
 16367 | D        | Reached skill level 15 in Stealth
 16411 | D        | Received a gift from Trog
 16418 | D        | Noticed a royal mummy
 16418 | D        | Noticed Murray
 16418 | D        | Noticed a royal mummy
 16421 | D        | Received a gift from Trog
 16428 | D        | Killed a royal mummy
 16438 | D        | Killed Murray
 16438 | D        | Received a gift from Trog
 16439 | D        | Killed a royal mummy
 16753 | D        | Got a bone rune of Zot
 17024 | D        | Noticed an Ice Fiend
 17026 | D        | Killed an Ice Fiend
 17061 | D        | Noticed an Ice Fiend
 17070 | D        | Killed an Ice Fiend
 17070 | D        | Received a gift from Trog
 17129 | D        | Noticed Antaeus
 17171 | D        | Slain by Antaeus

Illustrated notes

Levels and vault maps discovered:
D:        dungeon_sprint_mu [sprint_mu_entry_forest, sprint_mu_temple_rooms,
          sprint_mu_d1_horrors, sprint_mu_d2_genie, sprint_mu_d3_branching,
          sprint_mu_orc_legion, sprint_mu_elf_gauntlet, sprint_mu_hive_nellie,
          sprint_mu_lair_fedhas, sprint_mu_vaults_butterflies,
          sprint_mu_slime_circle, sprint_mu_swamp_cave, sprint_mu_shoals_archi,
          sprint_mu_blade_basic, sprint_mu_crypt_chambers,
          sprint_mu_tomb_spiral, sprint_mu_vestibule_basic,
          sprint_mu_gehenna_hellfire, sprint_mu_dis_giant,
          sprint_mu_tartarus_statrot, sprint_mu_cocytus_islands, sprint_mu_zot1]

Skill      XL: |  1  2  3  4  5  6  7  8  9 10 11 12 13 14 15 16 17 18 |
---------------+-------------------------------------------------------+-----
Fighting       | 5 8 12 13 14 15 16 19 22 25 27 | 27.0
Axes           | 5 8 11 13 14 17 19 21 23 26 27 | 27.0
Armour         | 3 4 5 6 10 22 27 | 27.0
Dodging        | 3 4 6 7 8 9 11 12 14 15 16 24 27 | 27.0
Stealth        | 3 4 6 8 11 13 14 19 | 19.2
Evocations     | 2 3 9 18 27 | 27.0
Throwing       | 2 3 6 9 13 21 | 21.8
Shields        | 1 10 22 27 | 27.0

Action                   |  1- 3 |  4- 6 |  7- 9 | 10-12 | 13-15 | 16-18 || total
-------------------------+-------+-------+-------+-------+-------+-------++-------
Melee: Hand axe          |    18 |    27 |    25 |       |       |       ||    70
       Headbutt          |     2 |     4 |    10 |    14 |    70 |   133 ||   233
       Battleaxe         |       |       |    24 |   134 |    51 |    27 ||   236
       Executioner's axe |       |       |       |     6 |   250 |   412 ||   668
Throw: Javelin           |       |       |       |     3 |     2 |       ||     5
       Dart              |       |       |       |       |       |     3 ||     3
Invok: Berserk           |     2 |     2 |     3 |    12 |    14 |    13 ||    46
       Brothers in Arms  |       |       |       |     3 |     4 |     5 ||    12
       Trog's Hand       |       |       |       |       |     1 |     3 ||     4
Evoke: Box of beasts     |       |       |       |     3 |     1 |       ||     4
       Tin of tremorston |       |       |       |       |     8 |     3 ||    11
       Condenser vane    |       |       |       |       |     3 |     2 ||     5
       Wand              |       |       |       |       |       |     5 ||     5
  Use: Potion            |     2 |       |       |     1 |     5 |     7 ||    15
       Scroll            |       |       |       |     1 |    10 |     5 ||    16
 Stab: Sleeping          |       |     2 |     5 |     9 |    16 |    17 ||    49
       Distracted        |       |       |       |       |     1 |     5 ||     6
Armor: Robe              |     1 |     1 |     3 |    19 |       |       ||    24
       Chain mail        |       |       |       |       |    66 |       ||    66
       Acid dragon scale |       |       |       |       |    40 |    81 ||   121
Dodge: Dodged            |    10 |     4 |    20 |    99 |   174 |   402 ||   709
Block: Other             |       |       |       |       |    19 |    45 ||    64
       Reflection        |       |       |       |       |       |     3 ||     3

Table legend: (Time is in decaauts) A = Elapsed time spent in this place. B = Non-inter-level travel time spent in this place. C = Inter-level travel time spent in this place. D = Time resting spent in this place. E = Time spent auto-exploring this place. F = Levels seen in this place. G = Mean time per level. A B C D E F G +--------+--------+--------+--------+--------+-----+--------+ Total | 17397 | 17099 | 298 | 11837 | 4 | 1 | 17397.0 | Dungeon | 17397 | 17099 | 298 | 11837 | 4 | 1 | 17397.0 | +--------+--------+--------+--------+--------+-----+--------+

Top non-repeatable levels by time:
       D: 17397 daAuts
